 Dungeon Crawl Stone Soup version 0.24.0-1-gfbc8707 (webtiles) character file.

Game seed: 15511634543030412208, levelgen mode: deterministic

65 Buxparty the Slasher (level 3, -3/33 HPs)
             Began as a Minotaur Fighter on Dec 26, 2019.
             Killed from afar by Natasha (9 damage)
             ... with a magic dart
             ... on level 2 of the Dungeon.
             The game lasted 00:03:21 (901 turns).

Buxparty the Slasher (Minotaur Fighter)              Turns: 901, Time: 00:03:22

Health: -3/33      AC:  7    Str: 21    XL:     3   Next: 92%
Magic:  2/2        EV: 22    Int:  5    God:
Gold:   19         SH:  9    Dex:  9    Spells: 2/2 levels left

rFire    . . .     SeeInvis .   a - +0 long sword
rCold    . . .     Gourm    .   c - +0 shield
rNeg     . . .     Faith    .   b - +0 scale mail
rPois    .         Spirit   .   (helmet restricted)
rElec    .         Reflect  .   (no cloak)
rCorr    .         Harm     .   (no gloves)
MR       .....                  (no boots)
Stlth    ..........             e - amulet of the acrobat
HPRegen  0.11/turn              (no ring)
MPRegen  0.08/turn              (no ring)

@: acrobat, slowed, very slow
A: retaliatory headbutt, horns 2
a: no special abilities


You were on level 2 of the Dungeon.
You were not hungry.

You visited 1 branch of the dungeon, and saw 2 of its levels.

You collected 19 gold pieces.

Inventory:

Hand Weapons
 a - a +0 long sword (weapon)
Armour
 b - a +0 scale mail (worn)
 c - a +0 shield (worn)
Jewellery
 e - an amulet of the acrobat (around neck)
Scrolls
 g - a scroll of remove curse {unknown}
Potions
 d - a potion of might
Comestibles
 f - a ration


   Skills:
 - Level 3.8 Fighting
 * Level 4.8 Long Blades
 - Level 3.8 Armour
 - Level 3.7 Shields


You had 2 spell levels left.
You didn't know any spells.
Your spell library was empty.

Dungeon Overview and Level Annotations

Branches:
Dungeon (2/15)

Altars:

Annotations:
D:2 Natasha


Innate Abilities, Weirdness & Mutations

You reflexively headbutt those who attack you in melee.
You have a pair of horns on your head.


Message History

The magic dart hits you!
Natasha drinks a potion.
Natasha seems to grow stronger.
You hit Natasha.
Natasha is moderately wounded.
Natasha claws you. Natasha barely misses you.
You closely miss Natasha.
Natasha is moderately wounded.
Natasha claws you!
Natasha growls.
Natasha closely misses you. You furiously retaliate!
You headbutt Natasha, but do no damage.
You are too injured to fight recklessly!
You are too injured to fight recklessly!
Natasha stares at you and mumbles some strange words.
The magic dart hits you.
* * * LOW HITPOINT WARNING * * *
You block Natasha's attack.
Natasha stares at you and mumbles some strange words.
The magic dart hits you!
You die...

###########
#..........
#.########. #h#
###@###
############
#.....#
...........#
#.#.#.######
###.######.#
#.#.#...)..# #.#
##.###
#.######.#
#.#####...##.#.#
#.#
#..........(...#
#.#
##>####...######
#.#
####.#####.##
#.#


You could see Natasha.

Vanquished Creatures
  An orc wizard (D:2)
  2 orcs (D:2)
  A ball python (D:1)
  2 giant cockroaches (D:1)
  5 goblins (D:1)
  4 hobgoblins (D:1)
  3 jackals (D:1)
  7 kobolds (D:1)
  6 bats
  2 frilled lizards (D:1)
  2 rats (D:1)
35 creatures vanquished.

Vanquished Creatures (others)
  A hobgoblin (D:1)
1 creature vanquished.

Grand Total: 36 creatures vanquished

Notes
Turn   | Place    | Note
-------+----------+-------------------------------------------
     0 | D:1      | Buxparty the Minotaur Fighter began the quest for the Orb.
     0 | D:1      | Reached XP level 1. HP: 19/19 MP: 0/0
   111 | D:1      | Reached XP level 2. HP: 24/27 MP: 1/1
   157 | D:1      | Reached skill level 3 in Long Blades
   395 | D:1      | Reached XP level 3. HP: 33/33 MP: 2/2
   756 | D:2      | Reached skill level 4 in Long Blades
   892 | D:2      | Noticed Natasha
   901 | D:2      | Killed from afar by Natasha

Levels and vault maps discovered:
D:1:      shiori_arrival_oz, layout_loops_ring
D:2:      minmay_chambers_of_ones, layout_loops_ring, old_standard_altar,
          first_ration, uniq_natasha

Skill      XL: |  1  2  3 |
---------------+----------+-----
Long Blades    | 3 4 |  4.8
Fighting       | |  3.8
Armour         | |  3.8
Shields        | |  3.7

Action                   || total
-------------------------++-------
Melee: Long sword        ||    95
       Headbutt          ||    12
Armor: Scale mail        ||    45
Dodge: Dodged            ||    37
Block: Shield            ||    51
       Rpst.: Long sword ||    16
